 Dungeon Crawl Stone Soup version 0.29-a0-878-g7b45a56547 (webtiles) character file.

Game seed: 1778012352708646325

7877 iguanaiguana the Jinx (level 11, 0/50 HPs)
             Began as a Spriggan Hunter on July 20, 2022.
             Was an Initiate of Ashenzari.
             Engulfed by a cloud of flame (21 damage)
             ... on level 2 of the Lair of Beasts.
             The game lasted 01:00:27 (9338 turns).

iguanaiguana the Jinx (Spriggan Hunter)             Turns: 9338, Time: 01:00:28

Health: 0/50       AC: 13    Str:  7    XL:     11   Next: 2%
Magic:  13/16      EV: 19    Int: 11    God:    Ashenzari [......]
Gold:   558        SH:  0    Dex: 29    Spells: 9/16 levels left

rFire   . . .      SeeInvis +   a - +2 shortbow (flame)
rCold   . . .      Faith    .   (shield currently unavailable)
rNeg    . . .      Spirit   .   P - +2 swamp dragon scales
rPois   +          Reflect  .   (helmet restricted)
rElec   .          Harm     .   (no cloak)
rCorr   .          Rampage  .   (gloves unavailable)
Will    +....                   (boots unavailable)
Stlth   ++++......              s - amulet of the Ruined Hedonism {Regen+, Evo, Bglg} (curse)
HPRegen 0.96/turn               c - +4 ring of protection
MPRegen 0.15/turn               r - +6 ring of dexterity

@: very quick
A: very small, no large weapons, unfitting armour, see invisible, speed 3
a: Renounce Religion, Shatter the Chains


You were on level 2 of the Lair of Beasts.
You worshipped Ashenzari.
Ashenzari was noncommittal.
You visited 2 branches of the dungeon, and saw 11 of its levels.
You also visited: Ossuary.

You collected 558 gold pieces.

Inventory:

Hand Weapons
 a - a +2 shortbow of flaming (weapon)
 b - a +2 short sword of venom
 o - a +0 shortbow
 M - a +1 scimitar of flaming
Missiles
 g - 5 throwing nets
 v - 11 poisoned darts
 H - 3 curare-tipped darts
Armour
 f - a +2 robe of willpower
 P - +2 swamp dragon scales (worn)
Magical Staves
 q - a staff of fire
Jewellery
 c - a +4 ring of protection (left hand)
 r - a +6 ring of dexterity (right hand)
 s - the cursed amulet of the Ruined Hedonism (around neck) {Regen+, Evo, Bglg}
   (You found it on level 3 of the Dungeon)

   [amulet of regeneration]

   Regen:     It increases your rate of health regeneration.
   It has a curse which improves the following skills: Evocations: Evocations.
   Beguiling: Conjurations, Hexes and Translocations.
Wands
 i - a wand of flame (30)
 m - a wand of roots (12)
 O - a wand of paralysis (6)
Scrolls
 h - 4 scrolls of teleportation {@r3}
 l - 4 scrolls of amnesia
 t - a scroll of magic mapping {@r5}
 y - a scroll of poison
 A - 4 scrolls of blinking {@r4}
 B - a scroll of vulnerability
 G - 2 scrolls of summoning
 I - a scroll of silence
 K - 2 scrolls of identify {@r1}
 L - a scroll of fog
 N - 3 scrolls of immolation
Potions
 d - 3 potions of might {@q3}
 e - 3 potions of heal wounds {@q2}
 j - 8 potions of curing {@q1}
 n - 2 potions of brilliance
 u - 3 potions of mutation
 w - 2 potions of resistance {@q5}
 x - 3 potions of attraction
 z - 3 potions of invisibility
 C - a potion of berserk rage
 D - 2 potions of lignification
 E - a potion of ambrosia
 F - 4 potions of haste {@q4}
 J - 2 potions of cancellation


   Skills:
 - Level 2.2 Fighting
 - Level 2.0 Short Blades
 - Level 9.1 Ranged Weapons
 - Level 4.0 Throwing
 - Level 3.0 Armour
 - Level 6.0 Dodging
 - Level 8.0 Stealth
 * Level 3.1 Spellcasting
 + Level 11.1(11.5) Hexes
 - Level 4.0 Fire Magic
 - Level 5.2(5.6) Evocations


You had 9 spell levels left.
You knew the following spells:

 Your Spells              Type           Power      Damage    Failure   Level
a - Inner Flame           Hex/Fire       18%        N/A       11%         3
b - Cause Fear            Hex            13%        N/A       7%          4

Your spell library contained the following spells:

 Spells                   Type           Power      Damage    Failure   Level
 Blade Hands              Tmut           0%         N/A       100%        5
 Irradiate                Conj/Tmut      0%         3d11      100%        5
 Dragon Form              Tmut           0%         N/A       100%        7
 Discord                  Hex            13%        N/A       100%        8


Dungeon Overview and Level Annotations

Branches:
Dungeon (9/15) Zot: 26038  Temple (0/1) D:6            Lair (2/5) D:9 Zot: 11073
Ossuary (visited)
  Swamp: Lair:2-3    Shoals: Lair:2-3     Snake: Lair:2-3    Spider: Lair:2-3
    Orc: D:9-12

Altars:
Ashenzari
Fedhas
Hepliaklqana
Qazlal
Uskayaw
Yredelemnul
Zin

Annotations:
D:3 exclusion: downstairs
D:5 1 runed translucent door, Nick1's ghost, amateur DsNe
D:7 2 transporters, spaghetti's ghost, novice GnDe
D:8 exclusion: 3 killer bees
D:9 3 runed translucent doors, exclusion: killer bee
Lair:1 exclusion: hydra, Sonja


Innate Abilities, Weirdness & Mutations

You are very small and have problems with some larger weapons.
You are too small for most types of armour.
You have supernaturally acute eyesight. (SInv)
You cover ground extremely quickly. (Speed+++)


Message History

You shoot an arrow.
The arrow completely misses the water moccasin.
You shoot an arrow. The arrow hits the water moccasin.
Flame seeps out of the water moccasin.
The arrow burns the water moccasin.
Flame seeps out of the water moccasin.
The water moccasin is almost dead.
The water moccasin is engulfed in blazing flames.
The water moccasin explodes!
You hear a loud, deep croak!
You hear a bellow! x2
You enter the shallow water.
Moving in this stuff is going to be slow.
You see here a komodo dragon corpse.
You start resting.
Magic restored.
You enter the shallow water.
Moving in this stuff is going to be slow.
Found a rapier.
A water moccasin comes into view.
Casting: Inner Flame (dangerous; 11% risk of failure)
Confirm with . or Enter, or press ? or * to list all spells.
Aiming: Inner Flame (dangerous; 11% risk of failure)
Press: ? - help, Dir - move target, f - water moccasin
Aim: a water moccasin (chance to affect: 73%)
The water moccasin is filled with an inner flame.
You shoot an arrow.
The arrow closely misses the water moccasin.
You shoot an arrow. The arrow hits the water moccasin!
Flame seeps out of the water moccasin.
The arrow burns the water moccasin.
Flame seeps out of the water moccasin.
The water moccasin is moderately wounded.
The water moccasin is engulfed in blazing flames.
Flame seeps out of the water moccasin.
You shoot an arrow. The arrow hits the water moccasin!
Flame seeps out of the water moccasin.
The arrow burns the water moccasin.
The water moccasin explodes!
The fiery explosion engulfs you!!
Ouch! That really hurt!
* * * LOW HITPOINT WARNING * * *
You are engulfed in blazing flames.
You die...

#P.# .... .... ..
).. .. ### ..# .
###.###..##
####P#.P#§§..#
#.......@○§#...
##.......§§§°....
..#................
...
........##..##.#...
#...
..####...######.#..
#... ##.#.##.##.# .
#.. #.P..#..### ..
... ##........##
##...# ...
#≈.........###....##
..


There were no monsters in sight!

Vanquished Creatures
  Erica (D:8)
  A two-headed ogre (D:7)
  Maggie (D:9)
  An unseen horror (D:9)
  2 komodo dragons
  3 blink frogs (Lair:1)
  A shadow (D:9)
  Sigmund (D:3)
  9 yaks
  2 steam dragons
  3 vampire mosquitoes (D:8)
  Edmund (D:4)
  4 water moccasins
  A sky beast (D:7)
  A black bear (D:8)
  4 centaurs
  2 phantoms
  2 necrophages (D:6)
  3 kobold brigands
  Blork the orc (D:4)
  4 bullfrogs
  An elf skeleton (D:6)
  A scorpion (D:4)
  2 water moccasin zombies (Ossuary)
  7 killer bees
  3 howler monkeys
  A human zombie (D:6)
  2 jellies (D:5)
  3 orc priests
  2 hounds
  Jessica (D:3)
  A human skeleton (D:6)
  An iguana (D:6)
  Terence (D:2)
  An orc wizard (D:4)
  Natasha (thrice) (D:3)
  2 mummies (Ossuary)
  5 gnolls
  5 adders
  A shadow imp (D:5)
  2 white imps
  3 adder zombies (Ossuary)
  A worm (D:2)
  2 dart slugs
  12 orcs
  8 ball pythons
  9 bats
  6 endoplasms
  6 giant cockroaches
  4 gnoll zombies (Ossuary)
  8 goblins
  11 hobgoblins
  4 jackals (D:2)
  22 kobolds
  5 quokkas
  A frilled lizard (D:1)
  7 hobgoblin zombies (Ossuary)
  2 kobold zombies (Ossuary)
  2 orc skeletons (D:6)
  3 orc zombies
  5 rats
214 creatures vanquished.

Vanquished Creatures (others)
  3 demonic plants (D:5)
  6 fungi
  3 plants
12 creatures vanquished.

Grand Total: 226 creatures vanquished

Notes
Turn   | Place    | Note
-------+----------+-------------------------------------------
     0 | D:1      | iguanaiguana the Spriggan Hunter began the quest for the
                  | Orb.
     0 | D:1      | Reached XP level 1. HP: 10/10 MP: 2/2
    84 | D:1      | Reached XP level 2. HP: 9/15 MP: 3/3
   393 | D:1      | Found a faded altar of an unknown god.
   427 | D:1      | Reached XP level 3. HP: 18/18 MP: 4/4
   952 | D:2      | Noticed Terence
   973 | D:2      | Killed Terence
   974 | D:2      | Reached XP level 4. HP: 23/23 MP: 5/5
  1473 | D:3      | Noticed Jessica
  1599 | D:3      | Reached skill level 5 in Stealth
  1756 | D:3      | Noticed Sigmund
  1949 | D:3      | Killed Jessica
  1950 | D:3      | Reached skill level 1 in Short Blades
  1950 | D:3      | Reached XP level 5. HP: 7/26 MP: 6/6
  2297 | D:3      | Noticed Natasha
  2300 | D:3      | Killed Natasha
  2427 | D:3      | Noticed Natasha
  2431 | D:3      | Killed Natasha
  2552 | D:3      | Reached skill level 5 in Ranged Weapons
  2667 | D:4      | Noticed a phantom
  2668 | D:4      | Noticed Blork the orc
  2682 | D:3      | Noticed Natasha
  2758 | D:3      | Killed Natasha
  3099 | D:3      | Reached XP level 6. HP: 30/30 MP: 7/7
  3273 | D:4      | Killed Blork the orc
  3356 | D:3      | Killed Sigmund
  3357 | D:3      | Reached XP level 7. HP: 26/35 MP: 8/8
  3490 | D:4      | Noticed Edmund
  3552 | D:4      | Killed Edmund
  3972 | D:5      | Entered Level 5 of the Dungeon
  4049 | D:4      | Reached skill level 1 in Hexes
  4082 | D:5      | Found a basalt altar of Yredelemnul.
  4087 | D:5      | Reached skill level 2 in Hexes
  4094 | D:5      | Reached skill level 1 in Fire Magic
  4098 | D:5      | Learned a level 3 spell: Inner Flame
  4136 | D:5      | Found a runed translucent door.
  4142 | D:5      | Noticed Nick1's ghost (amateur DsNe)
  4152 | D:5      | Found a hide-covered altar of Uskayaw.
  4209 | D:6      | Found a staircase to the Ecumenical Temple.
  4212 | D:6      | Reached skill level 3 in Hexes
  4303 | D:5      | Reached XP level 8. HP: 39/39 MP: 9/9
  4385 | D:5      | Reached skill level 4 in Hexes
  4432 | D:5      | Found a glowing silver altar of Zin.
  4488 | D:6      | Found a broken altar of Ashenzari.
  4514 | D:6      | Reached skill level 5 in Hexes
  4529 | D:6      | Became a worshipper of Ashenzari the Shackled
  4598 | D:6      | Reached skill level 6 in Hexes
  4631 | D:6      | Found a sand-covered staircase.
  4656 | D:6      | Reached skill level 1 in Spellcasting
  4659 | Ossuary  | Entered an ossuary
  5108 | D:6      | Reached skill level 7 in Hexes
  5214 | D:6      | Reached skill level 8 in Hexes
  5223 | D:6      | Learned a level 4 spell: Cause Fear
  5233 | D:6      | Found a blossoming altar of Fedhas.
  5378 | D:7      | Noticed a moth of wrath
  5396 | D:7      | Found a transporter.
  5397 | D:7      | Noticed spaghetti's ghost (novice GnDe)
  5427 | D:7      | Reached XP level 9. HP: 42/42 MP: 14/14
  5845 | D:7      | Found a transporter.
  5870 | D:7      | Found a stormy altar of Qazlal.
  5966 | D:7      | Reached skill level 5 in Dodging
  6181 | D:7      | Noticed a two-headed ogre
  6198 | D:7      | Killed a two-headed ogre
  6199 | D:7      | Reached skill level 9 in Hexes
  6454 | D:8      | Reached * piety under Ashenzari
  6489 | D:8      | Reached skill level 10 in Hexes
  6569 | D:8      | Noticed Erica
  6583 | D:8      | Killed Erica
  6584 | D:8      | Reached XP level 10. HP: 46/46 MP: 15/15
  6767 | D:8      | Reached skill level 1 in Throwing
  7834 | D:9      | Found a hazy altar of Hepliaklqana.
  7873 | D:9      | Found a runed translucent gate.
  7873 | D:9      | Found a runed translucent gate.
  7873 | D:9      | Found a runed translucent gate.
  7973 | D:9      | Noticed Maggie
  8063 | D:9      | Killed Maggie
  8064 | D:9      | Reached skill level 5 in Evocations
  8100 | D:9      | Found a staircase to the Lair.
  8110 | Lair:1   | Entered Level 1 of the Lair of Beasts
  8159 | Lair:1   | Reached skill level 1 in Armour
  8409 | Lair:1   | Noticed Sonja
  8409 | Lair:1   | Noticed a six-headed hydra
  9185 | Lair:2   | Reached skill level 11 in Hexes
  9185 | Lair:2   | Reached XP level 11. HP: 50/50 MP: 16/16
  9222 | Lair:2   | Noticed a death yak
  9338 | Lair:2   | Engulfed by a cloud of flame

Illustrated notes

Levels and vault maps discovered:
D:1:      tarquinn_simple_flora_water_d, layout_rooms,
          ebering_ecumenical_altar_abandoned
D:2:      layout_rooms, uniq_terence
D:3:      minmay_general_purpose_star, layout_loops_corners, uniq_sigmund,
          uniq_natasha, uniq_jessica
D:4:      nicolae_cairo_tiling_large_dashed, layout_basic, interstate_on_off,
          minmay_misc_feat_roman, chequers_decorated_corner, uniq_blork_the_orc,
          uniq_edmund
D:5:      layout_loops_ring, zin_academy, general_overflow_altar,
          mainiacjoe_overflow_small_starburst, ebering_ghost_sewer_d,
          serial_demonic, serial_demonic_f, serial_demonic_f, serial_demonic_e,
          serial_demonic_g, grunt_decor_cap
D:6:      cheibrodos_quashed, layout_basic, mainiacjoe_overflow_brackets,
          fedhas_bush_and_centaur_altar, minmay_temple_entry_proselytizer,
          nicolae_ossuary_entry_catacombs
D:7:      layout_basic, grunt_qazlal_clouds, gammafunk_ghost_berserking_beasts
D:8:      layout_loops_cross, uniq_erica
D:9:      layout_roguey, mainiacjoe_overflow_cross_hatched, vehumet_crystals,
          lair_entry_dummy, gammafunk_ghost_hydra_chop, nicolae_zen_rock_garden,
          hex_medium, minivault_5, uniq_maggie
Lair:1:   layout_cellular_growth, grunt_megastairs_3, serial_bayou_shore_b,
          uniq_sonja
Lair:2:   beast_lair_carwin_large_2, layout_concentric_octagons,
          minmay_swamp_entry_wisps, infiniplex_staircase_pool_2

Skill      XL: |  1  2  3  4  5  6  7  8  9 10 |
---------------+-------------------------------+-----
Stealth        | 2 3 5 8 |  8.0
Dodging        | 3 4 6 |  6.0
Fighting       | 2 |  2.2
Short Blades   | 1 2 |  2.0
Ranged Weapons | 5 7 8 9 |  9.1
Hexes          | 3 8 10 11 | 11.1
Fire Magic     | 1 2 3 4 |  4.0
Spellcasting   | 3 |  3.1
Throwing       | 4 |  4.0
Evocations     | 5 |  5.2
Armour         | 3 |  3.0

Action                   |  1- 3 |  4- 6 |  7- 9 | 10-12 || total
-------------------------+-------+-------+-------+-------++-------
Melee: Dagger            |    22 |       |       |       ||    22
       Punch             |     1 |       |     3 |     1 ||     5
       Short sword       |       |    18 |    75 |    26 ||   119
 Fire: Shortbow          |    81 |   120 |   312 |   121 ||   634
Throw: Dart              |       |       |     3 |       ||     3
 Cast: Inner Flame       |       |       |     9 |    28 ||    37
       Cause Fear        |       |       |     2 |     4 ||     6
Invok: Curse Item        |       |       |     2 |     1 ||     3
       Shatter the Chain |       |       |       |     2 ||     2
Evoke: Wand              |       |       |     6 |     7 ||    13
  Use: Scroll            |       |     4 |    10 |     3 ||    17
       Potion            |       |       |     2 |       ||     2
 Stab: Sleeping          |     2 |     1 |     4 |     1 ||     8
Armor: Robe              |     9 |     2 |     8 |     4 ||    23
       Swamp dragon scal |       |       |       |     3 ||     3
Dodge: Dodged            |    39 |    28 |   188 |    88 ||   343

Table legend: (Time is in decaauts)
 A = Elapsed time spent in this place.
 B = Non-inter-level travel time spent in this place.
 C = Inter-level travel time spent in this place.
 D = Time resting spent in this place.
 E = Time spent auto-exploring this place.
 F = Levels seen in this place.
 G = Mean time per level.
                   A        B        C        D        E       F      G
               +--------+--------+--------+--------+--------+-----+--------+
         Total |   6744 |   5324 |   1420 |    494 |   2596 |  12 |  562.0 |
       Dungeon |   5571 |   4242 |   1329 |    439 |   2045 |   9 |  619.0 |
          Lair |    926 |    835 |     91 |     55 |    550 |   2 |  463.0 |
       Ossuary |    246 |    246 |      0 |      0 |      0 |   1 |  246.0 |
               +--------+--------+--------+--------+--------+-----+--------+

Top non-repeatable levels by time:
     D:3: 1537 daAuts
     D:8: 968 daAuts
  Lair:1: 786 daAuts
     D:7: 622 daAuts
     D:1: 589 daAuts
     D:4: 524 daAuts
     D:6: 451 daAuts
     D:2: 383 daAuts
     D:9: 263 daAuts
 Ossuary: 246 daAuts
     D:5: 232 daAuts
  Lair:2: 140 daAuts
